 Dungeon Crawl Stone Soup version 0.19.1 (webtiles) character file.

125 Mesmaeker13 the Poker (level 5, 0/38 HPs)
             Began as a Merfolk Skald on Dec 25, 2016.
             Slain by a ball python (1 damage)
             ... on level 3 of the Dungeon.
             The game lasted 00:04:50 (2099 turns).

Mesmaeker13 the Poker (Merfolk Skald)               Turns: 2099, Time: 00:04:51

Health: 0/38       AC:  3    Str: 13    XL:     5   Next: 9%
Magic:  0/8        EV:  9    Int: 12    God:
Gold:   41         SH:  4    Dex: 13    Spells: 2 memorised, 5 levels left

rFire  . . .     SeeInvis .     a - +0 spear
rCold  . . .     Gourm    .     b - +0 leather armour
rNeg   . . .     Faith    .     g - +0 buckler
rPois  .         Spirit   .     (no helmet)
rElec  .         Reflect  .     (no cloak)
rCorr  +         Harm     .     (no gloves)
MR     .....                    (no boots)
Stlth  +.........               (no amulet)
                                (no ring)
                                o - ring of resist corrosion

@: lethally poisoned (0 -> -12), singing (expiring), constricted
A: change form in water, swift swim, stealthy swim
a: Stop Singing


You were on level 3 of the Dungeon.
You were not hungry.

You visited 1 branch of the dungeon, and saw 3 of its levels.

You collected 41 gold pieces.

Inventory:

Hand Weapons
 a - a +0 spear (weapon)
Armour
 b - a +0 leather armour (worn)
 g - a +0 buckler (worn)
Jewellery
 o - a ring of resist corrosion (left hand)
Scrolls
 e - a scroll of immolation {unknown}
 f - a scroll of fear {unknown}
 n - 2 scrolls of teleportation {unknown}
 p - a scroll of amnesia {unknown}
Potions
 i - a potion of brilliance
 k - 3 potions of cure mutation
 l - a potion of degeneration {unknown}
Books
 c - a book of Battle

   Spells                             Type                      Level
   a - Infusion                       Charms                       1
   b - Shroud of Golubria             Charms/Translocation         2
   c - Song of Slaying                Charms                       2
   d - Spectral Weapon                Hexes/Charms                 3
   e - Regeneration                   Charms/Necromancy            3
Comestibles
 d - 2 bread rations
 j - a beef jerky
 q - 6 chunks of flesh


   Skills:
 - Level 2.1 Fighting
 + Level 4.6 Polearms
 - Level 0.6 Armour
 + Level 3.6 Dodging
 + Level 2.0 Shields
 - Level 2.0 Spellcasting
 + Level 3.9 Charms


You had 5 spell levels left.
You knew the following spells:

 Your Spells              Type           Power        Failure   Level  Hunger
a - Infusion              Chrm           ##..         12%         1    ##.....
b - Song of Slaying       Chrm           ##......     17%         2    ###....


Dungeon Overview and Level Annotations

Branches:
Dungeon (3/15)

Altars:
Okawaru

Portals:
Sewer: D:3


Message History

The bat barely misses you. The river rat closely misses you.
The adder bites you but does no damage. The ball python barely misses you.
* * * LOW HITPOINT WARNING * * *
The ball python constricts you.
You closely miss the adder.
The adder is severely wounded.
You feel sick. You block the bat's attack. The river rat bites you.
* * * LOW HITPOINT WARNING * * *
The adder bites you.
* * * LOW HITPOINT WARNING * * *
You are more poisoned.
The adder poisons you! The ball python closely misses you.
The ball python constricts you.
You puncture the adder!
You kill the adder!
Your Shields skill increases to level 2!
* * * LOW HITPOINT WARNING * * *
You feel sick. The bat hits you but does no damage.
The river rat barely misses you. The ball python bites you.
You die...

#.. .......... ##
..#####........ ....
#....#........# ....
#.............####...?
#.....................
..#.....................
.....b.##..............#
#...S@†r..............
#...r##..######.......
#...w....#≈≈≈≈#.......
#.....b..'≈≈≈≈#.......
...#......#≈∩≈≈#..#...[
.##........#≈≈≈≈#..###<.
#........#≈≈≈≈#....#).
#........######.......
#......... ..........


You could see a worm, 2 river rats, a bat and a ball python.

Vanquished Creatures
  A gnoll (D:1)
  5 adders
  2 oozes
  A worm (D:2)
  3 dart slugs
  2 leopard geckos
  3 orcs
  8 bats
  2 giant cockroaches (D:3)
  7 goblins
  2 hobgoblins
  7 kobolds
  A quokka (D:2)
  4 frilled lizards
  3 rats
51 creatures vanquished.

Notes
Turn   | Place    | Note
-------+----------+-------------------------------------------
     0 | D:1      | Mesmaeker13 the Merfolk Skald began the quest for the Orb.
     0 | D:1      | Reached XP level 1. HP: 16/16 MP: 3/3
    28 | D:1      | Reached XP level 2. HP: 22/22 MP: 5/5
   404 | D:1      | Reached XP level 3. HP: 27/27 MP: 6/6
   455 | D:1      | Reached skill level 1 in Shields
   953 | D:2      | Found an iron altar of Okawaru.
  1396 | D:2      | Reached skill level 4 in Polearms
  1396 | D:2      | Reached XP level 4. HP: 20/33 MP: 0/7
  1995 | D:2      | Learned a level 2 spell: Song of Slaying
  2046 | D:3      | Found a glowing drain.
  2088 | D:3      | Reached XP level 5. HP: 22/38 MP: 0/8
  2099 | D:3      | HP: 1/38 [poisoned by an adder]
  2099 | D:3      | Slain by a ball python

Skill      XL: |  1  2  3  4  5 |
---------------+----------------+-----
Dodging        | 2 3 |  3.6
Shields        | 1 2 |  2.0
Polearms       | 4 |  4.6
Fighting       | |  2.1
Armour         | |  0.6
Spellcasting   | |  2.0
Charms         | |  3.9

Action                   |  1- 3 |  4- 6 || total
-------------------------+-------+-------++-------
Melee: Spear             |   129 |    79 ||   208
 Cast: Infusion          |     3 |     4 ||     7
       Song of Slaying   |       |     1 ||     1
  Use: Scroll            |     2 |     2 ||     4
       Potion            |     1 |     1 ||     2
 Stab: Sleeping          |     2 |       ||     2
  Eat: Chunk             |     2 |     2 ||     4
Armor: Leather armour    |    34 |    26 ||    60
Dodge: Dodged            |    57 |    64 ||   121
Block: Buckler           |    22 |    23 ||    45
